 Dungeon Crawl Stone Soup version 0.29-a0-495-g17b79114eb (webtiles) character file.

Game seed: 15147219938112335355

4663 hquester the Skirmisher (level 10, -1/104 HPs)
             Began as a Troll Fighter on May 27, 2022.
             Was a Believer of Qazlal.
             Slain by an orc warrior
             ... wielding a +0 flail
              (15 damage)
             ... on level 8 of the Dungeon.
             The game lasted 00:24:42 (6221 turns).

hquester the Skirmisher (Troll Fighter)             Turns: 6221, Time: 00:24:43

Health: -1/104     AC:  9    Str: 26    XL:     10   Next: 20%
Magic:  0/12       EV: 10    Int:  4    God:    Qazlal [**....]
Gold:   149        SH: 13    Dex: 13    Spells: 9/9 levels left

rFire   . . .      SeeInvis +     - Unarmed
rCold   . . .      Faith    .   b - +1 kite shield
rNeg    . . .      Spirit   +   a - +0 robe
rPois   .          Reflect  .   (helmet restricted)
rElec   .          Harm     .   j - +0 cloak {rCorr}
rCorr   +          Rampage  .   (gloves unavailable)
Will    .....                   (boots unavailable)
Stlth   +.........              m - amulet of guardian spirit
HPRegen 1.07/turn               q - ring of see invisible
MPRegen 0.13/turn               y - +4 ring of protection

@: no status effects
A: large, unfitting armour, claws 3, regeneration 1, shaggy fur 1, tough skin 1
a: Renounce Religion, Upheaval


You were on level 8 of the Dungeon.
You worshipped Qazlal.
Qazlal was pleased with you.
You visited 2 branches of the dungeon, and saw 9 of its levels.

You collected 336 gold pieces.
You spent 187 gold pieces at shops.

Inventory:

Hand Weapons
 v - a +4 dagger of flaming
 x - a +1 morningstar of protection
 G - a +3 dagger of venom
Missiles
 r - a throwing net (quivered)
Armour
 a - a +0 robe (worn)
 b - a +1 kite shield (worn)
 j - a +0 cloak of preservation (worn)
 l - a scarf of invisibility
Jewellery
 k - the ring "Zeolul" {MP+9 Int+4}
   (You found it on level 6 of the Dungeon)

   [ring of magical power]

   Int:       It affects your intelligence (+4).
   MP:        It affects your magic capacity (+9).
 m - an amulet of guardian spirit (around neck)
 q - a ring of see invisible (left claw)
 y - a +4 ring of protection (right claw)
 B - a ring of flight
 C - a ring of protection from fire
Wands
 c - a wand of flame (3)
 g - a wand of mindburst (12)
 u - a wand of charming (1)
Scrolls
 f - 5 scrolls of teleportation
 p - a scroll of noise
Potions
 d - 2 potions of lignification
 e - a potion of brilliance {unknown}
 h - 2 potions of invisibility
 n - a potion of ambrosia {unknown}
 o - 2 potions of flight
 s - a potion of magic {unknown}
 w - 2 potions of mutation
 A - a potion of berserk rage {unknown}
 D - 2 potions of attraction


   Skills:
 * Level 7.9 Fighting
 + Level 5.7 Dodging
 + Level 6.6 Shields
 + Level 6.4 Unarmed Combat
 + Level 4.5 Invocations


You had 9 spell levels left.
You didn't know any spells.
Your spell library contained the following spells:

 Spells                   Type           Power      Damage    Failure   Level
 Apportation              Tloc           0%         N/A       77%         1
 Foxfire                  Conj/Fire      0%         2x1d4     77%         1
 Necrotize                Necr           0%         1d4       77%         1
 Sting                    Tmut/Pois      0%         1d3       77%         1
 Summon Small Mammal      Summ           0%         N/A       77%         1
 Poisonous Vapours        Pois/Air       0%         N/A       88%         2
 Conjure Flame            Conj/Fire      0%         6-21      98%         3
 Dazzling Flash           Conj/Hex       0%         N/A       98%         3
 Inner Flame              Hex/Fire       0%         N/A       98%         3
 Flame Wave               Conj/Fire      0%         2d4       100%        4
 Iskenderun's Mystic Bla  Conj/Tloc      0%         2d3       100%        4
 Olgreb's Toxic Radiance  Pois           0%         N/A       100%        4
 Starburst                Conj/Fire      0%         6d3       100%        6


Dungeon Overview and Level Annotations

Branches:
Dungeon (8/15)             Temple (1/1) D:4
   Lair: D:8-11

Altars:
Ashenzari
Cheibriados
Dithmenos
Elyvilon
Fedhas
Gozag
Hepliaklqana
Kikubaaqudgha
Makhleb
Nemelex Xobeh
Okawaru
Qazlal
Ru
Sif Muna
Trog
Uskayaw
Vehumet
Wu Jian
Xom
Yredelemnul
Zin
The Shining One

Shops:
D:8 [


Innate Abilities, Weirdness & Mutations

You are too large for most types of armour.
You have claws for hands.
Your natural rate of healing is unusually fast.
You are covered in fur. (AC +1)
You have tough skin. (AC +1)


Message History

You barely miss the two-headed ogre.
The two-headed ogre is moderately wounded.
You barely miss the two-headed ogre.
The two-headed ogre is moderately wounded.
You block the two-headed ogre's attack.
The two-headed ogre hits you with a +0 giant spiked club!
You barely miss the two-headed ogre.
The two-headed ogre is moderately wounded.
The two-headed ogre barely misses you. The two-headed ogre closely misses you.
You claw the two-headed ogre!
The two-headed ogre is severely wounded.
You closely miss the two-headed ogre.
The two-headed ogre is severely wounded.
The two-headed ogre hits you with a +0 giant club!
You block the two-headed ogre's attack.
You barely miss the two-headed ogre.
The two-headed ogre is severely wounded.
The orc priest invokes the aid of Beogh against you.
Beogh smites you! You block the two-headed ogre's attack.
The two-headed ogre barely misses you.
You claw the two-headed ogre!
The two-headed ogre is almost dead.
You barely miss the two-headed ogre.
The two-headed ogre is almost dead.
The two-headed ogre hits you with a +0 giant club!
* * * LOW HITPOINT WARNING * * *
The two-headed ogre hits you with a +0 giant spiked club!
* * * LOW HITPOINT WARNING * * *
You mangle the two-headed ogre!!
You kill the two-headed ogre!
Qazlal accepts your kill.
The orc priest casts a cantrip, but nothing happens.
You feel better. You block the orc warrior's attack.
The orc priest calls down the wrath of Beogh upon you.
Beogh smites you!
* * * LOW HITPOINT WARNING * * *
Unknown command.
You barely miss the orc warrior.
The orc warrior hits you with a +0 flail!
You die...

#.##.##.###.>).##.# ********
#.........)))##...# *,,,,,,*
##..........).....# *,,,,,,*
#.#.#............# *,,,,,,*
#...#........#...# *,,,,,,*
######.......#...# ***,,,,,,*
******#######)##### *,,,,,,,,*
,,,,,**######.#######,,,,,,***
,,,,,,.......ooo@...#......#
,,,,,,.......o#####.#......#
,,,,,,.......$# #.#......#
,,,,,,.....o..# #.#......#
***,,,:..o....# #)#......#
*,,,........# #.#......#
*,,,....o...# #.#......#
*,,,,.......*####........#
*,,,,,,,,,,,*#...........#


You could see an orc warrior, 2 orc priests and an orc.

Vanquished Creatures
  A two-headed ogre (D:8)
  The ghost of xian the Conjurer, a novice DrCj (D:6)
  Maurice (D:8)
  Prince Ribbit (D:6)
  Sigmund (D:6)
  A wyvern (D:7)
  A water moccasin (D:6)
  2 orc warriors
  2 sky beasts (D:7)
  2 ice beasts (D:7)
  3 black bears
  2 ogres
  A centaur (D:7)
  2 kobold brigands
  A bullfrog (D:7)
  2 necrophages (D:7)
  A gnoll sergeant (D:7)
  5 wights
  3 howler monkeys
  4 hounds
  2 jellies
  8 orc priests
  4 iguanas
  4 orc wizards
  Robin (D:2)
  3 gnolls (D:2)
  5 adders
  3 shadow imps
  A white imp (D:6)
  5 ufetubi
  43 orcs
  7 ball pythons
  6 endoplasms
  7 giant cockroaches
  12 goblins
  13 hobgoblins
  4 jackals (D:3)
  6 quokkas
  A bat (D:1)
  7 frilled lizards
  8 kobolds
  8 rats
195 creatures vanquished.

Notes
Turn   | Place    | Note
-------+----------+-------------------------------------------
     0 | D:1      | hquester the Troll Fighter began the quest for the Orb.
     0 | D:1      | Reached XP level 1. HP: 22/22 MP: 0/0
    37 | D:1      | Reached XP level 2. HP: 27/29 MP: 1/1
   356 | D:1      | Found a faded altar of an unknown god.
   788 | D:2      | Reached XP level 3. HP: 30/36 MP: 2/2
   823 | D:2      | Identified the +3 helmet of the Unseen Realm {rN++ Int-5}
   823 | D:2      | Noticed Robin
   828 | D:2      | Killed Robin
   886 | D:2      | Found an ancient bone altar of Kikubaaqudgha.
   927 | D:2      | Reached skill level 3 in Fighting
   947 | D:2      | Reached XP level 4. HP: 26/45 MP: 3/3
  1066 | D:2      | Reached XP level 5. HP: 49/53 MP: 4/4
  1800 | D:3      | Found a glowing golden altar of the Shining One.
  2126 | D:4      | Reached XP level 6. HP: 50/62 MP: 5/5
  2216 | D:4      | Reached skill level 4 in Fighting
  2357 | D:4      | Found a burning altar of Makhleb.
  2456 | D:4      | Found a staircase to the Ecumenical Temple.
  2461 | Temple   | Entered the Ecumenical Temple
  2483 | Temple   | Became a worshipper of Qazlal Stormbringer
  2648 | D:4      | Found a hazy altar of Hepliaklqana.
  2649 | D:4      | Found a faded altar of an unknown god.
  2659 | D:4      | Reached XP level 7. HP: 61/70 MP: 4/6
  2693 | D:5      | Entered Level 5 of the Dungeon
  3270 | D:5      | Found a sacrificial altar of Ru.
  3270 | D:5      | Found an ancient bone altar of Kikubaaqudgha.
  3570 | D:6      | Identified the ring "Zeolul" {MP+9 Int+4}
  3581 | D:6      | Reached skill level 5 in Fighting
  3585 | D:6      | Noticed Sigmund
  3677 | D:6      | Reached skill level 1 in Invocations
  3770 | D:6      | Reached skill level 5 in Shields
  3770 | D:6      | Reached XP level 8. HP: 70/77 MP: 5/7
  3773 | D:6      | Reached * piety under Qazlal
  3809 | D:6      | Found a runed translucent door.
  3928 | D:6      | Killed Sigmund
  4008 | D:6      | Noticed xian's ghost (novice DrCj)
  4122 | D:6      | Found an ornate altar of the Wu Jian Council.
  4173 | D:6      | Noticed Prince Ribbit
  4203 | D:6      | Killed Prince Ribbit
  4204 | D:6      | Reached skill level 6 in Fighting
  4204 | D:6      | Reached skill level 5 in Unarmed Combat
  4404 | D:6      | Killed xian's ghost
  4405 | D:6      | Reached XP level 9. HP: 58/92 MP: 4/10
  4547 | D:7      | Reached skill level 5 in Dodging
  4959 | D:7      | Reached ** piety under Qazlal
  5145 | D:7      | Reached skill level 7 in Fighting
  5944 | D:8      | Found Iggoyc's Antique Armour Shop.
  5980 | D:8      | Bought a runed cloak for 187 gold pieces
  6070 | D:8      | Found a shimmering blue altar of Sif Muna.
  6070 | D:8      | Found an opulent altar of Gozag.
  6108 | D:8      | Noticed Maurice
  6134 | D:8      | Killed Maurice
  6135 | D:8      | Reached XP level 10. HP: 88/104 MP: 7/12
  6201 | D:8      | Noticed a two-headed ogre
  6219 | D:8      | Killed a two-headed ogre
  6221 | D:8      | Slain by an orc warrior

Illustrated notes

Levels and vault maps discovered:
D:1:      psy_arrival_basics, layout_loops_ring,
          dilly_ecumenical_altar_fadedgnrine, minmay_pentomino_x4
D:2:      cheibrodos_pilgrimage, layout_loops_ring, basic_altar, uniq_robin
D:3:      layout_rooms, tso_metal_star, serial_curves, eino_curves_04,
          eino_curves_03
D:4:      layout_rooms, general_overflow_altar,
          beargit_hepliaklqana_dungeon_heroes, minmay_temple_entry_proselytizer
D:5:      layout_loops_cross, gammafunk_temple_overflow_elements
D:6:      minmay_general_purpose_star, layout_rooms,
          pdpol_wu_jian_five_deadly_venoms, ebering_ghost_sewer_d, uniq_sigmund,
          uniq_prince_ribbit1
D:7:      layout_loops_corners, grunt_ogre_cave, mrwooster_statue_mirror,
          grunt_decor_resistance, corexii_item_surrounded_by_moat, st_stairs_11
D:8:      layout_basic, gammafunk_temple_overflow_statue, serial_shops,
          nicolae_shop_temple_entry_statues_fountains, uniq_maurice
Temple:   nicolae_temple_great_sept

Skill      XL: |  1  2  3  4  5  6  7  8  9 |
---------------+----------------------------+-----
Shields        | 3 4 5 6 |  6.6
Fighting       | 3 4 5 6 7 |  7.9
Dodging        | 3 4 5 |  5.7
Unarmed Combat | 3 4 5 6 |  6.4
Invocations    | 1 3 4 |  4.5

Action                   |  1- 3 |  4- 6 |  7- 9 | 10-12 || total
-------------------------+-------+-------+-------+-------++-------
Melee: Unarmed           |   115 |   189 |   361 |    12 ||   677
  Use: Scroll            |       |       |    17 |       ||    17
       Potion            |       |       |     1 |     1 ||     2
 Stab: Sleeping          |       |     2 |     1 |       ||     3
Armor: Robe              |    33 |    38 |    76 |       ||   147
Dodge: Dodged            |    38 |    56 |   100 |     4 ||   198
Block: Kite shield       |    52 |    69 |   162 |     8 ||   291

Table legend: (Time is in decaauts)
 A = Elapsed time spent in this place.
 B = Non-inter-level travel time spent in this place.
 C = Inter-level travel time spent in this place.
 D = Time resting spent in this place.
 E = Time spent auto-exploring this place.
 F = Levels seen in this place.
 G = Mean time per level.
                   A        B        C        D        E       F      G
               +--------+--------+--------+--------+--------+-----+--------+
         Total |   6257 |   5894 |    363 |     74 |   3989 |   9 |  695.2 |
       Dungeon |   6173 |   5821 |    352 |     74 |   3937 |   8 |  771.6 |
        Temple |     83 |     72 |     11 |      0 |     52 |   1 |   83.0 |
               +--------+--------+--------+--------+--------+-----+--------+

Top non-repeatable levels by time:
     D:7: 1142 daAuts
     D:5: 926 daAuts
     D:6: 889 daAuts
     D:2: 803 daAuts
     D:1: 787 daAuts
     D:8: 574 daAuts
     D:3: 541 daAuts
     D:4: 507 daAuts
  Temple: 83 daAuts
